 Dungeon Crawl Stone Soup version 0.29-a0-222-g5b244fca1f (webtiles) character file.

Game seed: 6770111835171820977

408 ReploidZero the Twirler (level 6, -17/33 HPs)
             Began as a Vine Stalker Gladiator on Feb 27, 2022.
             Demolished by a gnoll sergeant
             ... wielding a +2 spear of distortion
              (18 damage)
             ... on level 5 of the Dungeon.
             The game lasted 00:06:12 (2956 turns).

ReploidZero the Twirler (Vine Stalker Gladiator)    Turns: 2956, Time: 00:06:15

Health: -17/33     AC:  7    Str: 18    XL:     6   Next: 88%
Magic:  0/7        EV: 13    Int:  8    God:
Gold:   258        SH:  5    Dex: 16    Spells: 5/5 levels left

rFire   . . .      SeeInvis .   a - +0 quarterstaff
rCold   . . .      Faith    .   (shield currently unavailable)
rNeg    . . .      Spirit   +   b - +0 leather armour
rPois   .          Reflect  +   c - +0 helmet
rElec   .          Harm     .   f - +1 cloak
rCorr   .          Rampage  .   p - +0 pair of gloves
Will    .....                   (no boots)
Stlth   +.........              k - amulet of reflection
HPRegen 0.91/turn               (no ring)
MPRegen 0.10/turn               (no ring)

@: no status effects
A: fangs 2, regeneration 1, magic shield, antimagic bite, no potion heal 2
a: no special abilities


You were on level 5 of the Dungeon.
You visited 1 branch of the dungeon, and saw 5 of its levels.

You collected 258 gold pieces.

Inventory:

Hand Weapons
 a - a +0 quarterstaff (weapon)
Missiles
 d - 3 throwing nets
 q - 2 javelins (quivered)
Armour
 b - a +0 leather armour (worn)
 c - a +0 helmet (worn)
 f - a +1 cloak (worn)
 p - a +0 pair of gloves (worn)
Jewellery
 k - an amulet of reflection (around neck)
 r - an amulet of regeneration
Wands
 l - a wand of paralysis (11)
Scrolls
 g - a scroll of identify
 m - 2 scrolls of fog
Potions
 e - 5 potions of curing
 h - a potion of flight
 j - a potion of cancellation


   Skills:
 + Level 3.9 Fighting
 + Level 4.4 Staves
 - Level 2.0 Throwing
 + Level 4.0 Dodging


You had 5 spell levels left.
You didn't know any spells.
Your spell library contained the following spells:

 Spells                   Type           Power      Damage    Failure   Level
 Stone Arrow              Conj/Erth      0%         3d7       83%         3
 Animate Armour           Summ/Erth      0%         N/A       99%         4
 Lehudib's Crystal Spear  Conj/Erth      0%         10d2      100%        8


Dungeon Overview and Level Annotations

Branches:
Dungeon (5/15)
 Temple: D:4-7

Altars:
Zin

Shops:
D:2 (


Innate Abilities, Weirdness & Mutations

You have extremely sharp teeth.
Your natural rate of healing is unusually fast.
When hurt, damage is shared between your health and your magic reserves.
Your bite disrupts and absorbs the magic of your enemies.
Potions cannot restore your health.


Message History

Space warps around you.
You thump the gnoll!
You kill the gnoll!
The gnoll sergeant hits you but does no damage.
Space warps around you.
You are too injured to fight recklessly!
You are too injured to fight recklessly!
You are too injured to fight recklessly!
You are too injured to fight recklessly!
You are too injured to fight recklessly!
Unknown command.
You sock the rat!
You kill the rat!
The gnoll sergeant misses you.
You sock the gnoll!
The gnoll is severely wounded.
The gnoll sergeant hits you from afar with a +2 spear of distortion.
You blink.
Throw: 2 javelins
Press: ? - help, Q - select action, (/) - cycle Shift-Dir - straight line, f - gnoll
Aim: a gnoll, wielding a +0 club (severely wounded, 65% to hit)
Okay, then.
Okay, then.
The gnoll sergeant hits you with a +2 spear of distortion.
Space warps around you. The gnoll hits you with a +0 club.
* * * LOW HITPOINT WARNING * * *
Unknown command.
You hit the gnoll sergeant. You bite the gnoll sergeant. You drain its power.
You feel invigorated.
The gnoll sergeant is heavily wounded.
The gnoll sergeant closely misses you. The gnoll hits you with a +0 club.
* * * LOW HITPOINT WARNING * * *
Unknown command.
You hit the gnoll sergeant but do no damage.
The gnoll sergeant is heavily wounded.
The gnoll sergeant hits you with a +2 spear of distortion!
* * * LOW HITPOINT WARNING * * *
Space warps horribly around you!!
Ouch! That really hurt!
You die... oo..

#.#.#)# #### ....
#.....### #... .o.
#####....###########
.
..#................
#.#.....####..#####
#.#.###............
#....)..####.......
#..g/#### #.######
#.@g.# #.#
##....#### #.#
#..?.....# #.#
###....###.# #.#
........'.#.# #.#
####.(..#.#.# #.#
##....#.#.# #.#
.......#.#'####.#
.......$........#


You could see a gnoll sergeant and a gnoll.

Vanquished Creatures
  A black bear (D:5)
  Blork the orc (D:4)
  A howler monkey (D:5)
  A gnoll shaman (D:4)
  4 adders
  6 gnolls
  2 worms (D:2)
  A dart slug (D:2)
  2 orcs
  6 endoplasms
  2 giant cockroaches (D:2)
  5 goblins
  3 hobgoblins
  9 jackals
  5 quokkas
  9 ball pythons
  4 bats
  A frilled lizard (D:1)
  9 kobolds
  8 rats
80 creatures vanquished.

Notes
Turn   | Place    | Note
-------+----------+-------------------------------------------
     0 | D:1      | ReploidZero the Vine Stalker Gladiator began the quest for
                  | the Orb.
     0 | D:1      | Reached XP level 1. HP: 11/11 MP: 2/2
   182 | D:1      | Reached XP level 2. HP: 13/15 MP: 3/3
   326 | D:1      | Found a faded altar of an unknown god.
   712 | D:1      | Reached XP level 3. HP: 16/18 MP: 4/4
  1534 | D:2      | Gained mutation: Your natural rate of healing is unusually
                  | fast. [Vine Stalker growth]
  1534 | D:2      | Reached XP level 4. HP: 13/23 MP: 3/5
  1765 | D:2      | Found Taonn's Antique Weapon Shoppe.
  2049 | D:3      | Found a glowing silver altar of Zin.
  2049 | D:3      | Noticed an angel
  2400 | D:4      | Identified the +0 war axe of Hicen {venom, +Blink rPois
                  | Int-3}
  2473 | D:4      | Reached XP level 5. HP: 28/28 MP: 6/6
  2503 | D:4      | Noticed Blork the orc
  2509 | D:4      | Killed Blork the orc
  2538 | D:4      | Reached XP level 6. HP: 21/32 MP: 4/7
  2767 | D:5      | Entered Level 5 of the Dungeon
  2817 | D:5      | Noticed a black bear
  2825 | D:5      | Killed a black bear
  2956 | D:5      | HP: 1/33 [gnoll sergeant/+2 spear of distortion (5)]
  2956 | D:5      | Demolished by a gnoll sergeant

Illustrated notes

Levels and vault maps discovered:
D:1:      dpeg_arrival_shelter, layout_rooms,
          shapermc_ecumenical_altar_starsandcircs, serial_park_tiny_1,
          patterned_corridor
D:2:      layout_basic, serial_shops, shop_coins, st_stairs_3
D:3:      layout_basic, zin_angel
D:4:      layout_basic, uniq_blork_the_orc
D:5:      layout_basic, mainiacjoe_overflow_surrounded_room,
          lightli_sewer_entry_pipes, uniq_menkaure

Skill      XL: |  1  2  3  4  5  6 |
---------------+-------------------+-----
Fighting       | 2 3 |  3.9
Throwing       | 2 |  2.0
Staves         | 3 4 |  4.4
Dodging        | 3 4 |  4.0

Action                   |  1- 3 |  4- 6 || total
-------------------------+-------+-------++-------
Melee: Quarterstaff      |    88 |   105 ||   193
       Bite              |    24 |    24 ||    48
Throw: Javelin           |       |     1 ||     1
  Use: Scroll            |       |     9 ||     9
 Stab: Sleeping          |     1 |     1 ||     2
       Distracted        |       |     1 ||     1
Armor: Leather armour    |    31 |    24 ||    55
Dodge: Dodged            |    65 |    73 ||   138
Block: Other             |       |    32 ||    32

Table legend: (Time is in decaauts)
 A = Elapsed time spent in this place.
 B = Non-inter-level travel time spent in this place.
 C = Inter-level travel time spent in this place.
 D = Time resting spent in this place.
 E = Time spent auto-exploring this place.
 F = Levels seen in this place.
 G = Mean time per level.
                   A        B        C        D        E       F      G
               +--------+--------+--------+--------+--------+-----+--------+
         Total |   2981 |   2937 |     44 |      0 |   2325 |   5 |  596.2 |
       Dungeon |   2981 |   2937 |     44 |      0 |   2325 |   5 |  596.2 |
               +--------+--------+--------+--------+--------+-----+--------+

Top non-repeatable levels by time:
     D:1: 1362 daAuts
     D:2: 547 daAuts
     D:4: 445 daAuts
     D:3: 436 daAuts
     D:5: 189 daAuts
